 Dungeon Crawl Stone Soup version 0.30-a0-371-gad7725a93e (webtiles) character file.

Game seed: 11636524078375684249

4120 cowcol the Cleaver (level 10, -12/84 HPs)
             Began as a Black Draconian Berserker on Nov 22, 2022.
             Was a Priest of Trog.
             Engulfed by a fire crab's flame (22 damage)
             ... on level 9 of the Dungeon.
             The game lasted 00:28:06 (10209 turns).

cowcol the Cleaver (Black Draconian Berserker)     Turns: 10209, Time: 00:28:06

Health: -12/84     AC:  9    Str: 21    XL:     10   Next: 6%
Magic:  10/10      EV: 14    Int:  9    God:    Trog [***...]
Gold:   438        SH:  0    Dex: 12    Spells: 9/9 levels left

rFire   . . .      SeeInvis .    i - +0 war axe
rCold   . . .      Faith    .    (no shield)
rNeg    . . .      Spirit   .    (body armour unavailable)
rPois   .          Reflect  .    (helmet restricted)
rElec   +          Harm     .    (no cloak)
rCorr   .          Rampage  .    o - +1 pair of gloves
Will    .....                    (no boots)
Stlth   ++........               (no amulet)
HPRegen 0.34/turn                (no ring)
MPRegen 0.12/turn                (no ring)

@: short of breath, on berserk cooldown, slowed, very slow
A: breathe lightning, AC +7, unfitting armour, electricity resistance,
cold-blooded
a: Breathe Lightning, Renounce Religion, Berserk, Trog's Hand


You were on level 9 of the Dungeon.
You worshipped Trog.
Trog was most pleased with you.
You visited 2 branches of the dungeon, and saw 10 of its levels.

You collected 438 gold pieces.

Inventory:

Hand Weapons
 g - a +0 trident
 i - a +0 war axe (weapon)
 j - a +0 mace
 n - a +0 scythe
 B - a +0 morningstar
 E - a +0 dire flail
 G - a +0 dagger
Missiles
 c - 58 stones
 h - 15 poisoned darts
 v - 5 javelins (quivered)
 C - a boomerang
 H - a throwing net
Armour
 o - a +1 pair of gloves (worn)
Wands
 r - a wand of quicksilver (11)
 u - a wand of polymorph (13)
 x - a wand of flame (6)
Scrolls
 a - 2 scrolls of blinking
 d - 7 scrolls of teleportation
 e - a scroll of enchant armour
 p - 2 scrolls of enchant weapon
 w - a scroll of magic mapping {unknown}
 y - 3 scrolls of butterflies
Potions
 b - a potion of curing
 f - 2 potions of berserk rage {unknown}
 k - a potion of haste {unknown}
 l - 4 potions of invisibility {unknown}
 m - 3 potions of attraction {unknown}
 q - a potion of ambrosia {unknown}
 s - 4 potions of flight {unknown}
 t - 2 potions of heal wounds {unknown}
 z - a potion of lignification {unknown}
 A - a potion of mutation {unknown}
 D - a potion of brilliance {unknown}
 F - 2 potions of might {unknown}


   Skills:
 + Level 6.9 Fighting
 + Level 10.2 Axes
 * Level 5.0 Throwing
 + Level 6.5 Dodging
 + Level 3.3 Stealth


You had 9 spell levels left.
You didn't know any spells.
Your spell library contained the following spells:

 Spells                   Type           Power      Damage    Failure   Level
 Apportation              Tloc           0%         N/A       38%         1
 Necrotise                Necr           0%         1d4       38%         1
 Slow                     Hex            0%         N/A       38%         1
 Summon Small Mammal      Summ           0%         N/A       38%         1
 Cigotuvi's Dreadful Rot  Necr/Pois/Air  0%         N/A       52%         2
 Ensorcelled Hibernation  Hex/Ice        0%         N/A       52%         2
 Passwall                 Tmut/Erth      0%         N/A       52%         2
 Poisonous Vapours        Pois/Air       0%         N/A       52%         2
 Confusing Touch          Hex            0%         N/A       77%         3
 Ignite Poison            Fire/Tmut/Pois 0%         N/A       77%         3
 Kindle Blastsparks       Fire/Tloc/Air  0%         2d10      77%         3
 Mephitic Cloud           Conj/Pois/Air  0%         N/A       77%         3
 Swiftness                Air            0%         N/A       77%         3
 Vampiric Draining        Necr           0%         2d6       77%         3
 Freezing Cloud           Conj/Ice/Air   0%         6-21      100%        5


Dungeon Overview and Level Annotations

Branches:
Dungeon (9/15)             Temple (1/1) D:4            Lair (0/5) D:9
    Orc: D:9-12

Altars:
Ashenzari
Cheibriados
Dithmenos
Elyvilon
Fedhas
Hepliaklqana
Kikubaaqudgha
Makhleb
Okawaru
Qazlal
Ru
Sif Muna
Trog
Uskayaw
Vehumet
Wu Jian
Xom
Yredelemnul
Zin
The Shining One

Shops:
D:2 [   D:5 =


Innate Abilities, Weirdness & Mutations

You can breathe wild blasts of lightning.
Your glossy black scales are hard. (AC +7)
You cannot fit into any form of body armour.
You are resistant to electric shocks. (rElec)
You are cold-blooded and may be slowed by cold attacks.


Message History

Joseph is lightly wounded.
Joseph hits you with a +0 quarterstaff!
* * * LOW HITPOINT WARNING * * *
You barely miss Joseph.
Joseph is lightly wounded.
You slash Joseph!
Joseph is moderately wounded.
The howler monkey hoots and howls with incredible vigour!
Joseph hits you with a +0 quarterstaff!
* * * LOW HITPOINT WARNING * * *
You hear an angry buzzing noise. x3
You slash Joseph!
Joseph is heavily wounded.
You slash Joseph!
Joseph is severely wounded.
Joseph barely misses you.
You barely miss Joseph.
Joseph is severely wounded.
Joseph hits you but does no damage.
You barely miss Joseph. You tail-slap Joseph!
Joseph is severely wounded.
A killer bee comes into view.
Joseph barely misses you.
The killer bee buzzes angrily.
You slash Joseph!
You kill Joseph!
Trog accepts your kill.
You slice the howler monkey!!
You kill the howler monkey!
Trog accepts your kill.
You are no longer berserk.
You are exhausted.
You feel yourself slow down. The fire crab breathes flames at you.
The blast of flame engulfs you.
* * * LOW HITPOINT WARNING * * *
Your Throwing skill increases to level 5!
You have reached level 10!
You are engulfed in blazing flames.
You die...

###...........
#..........§.§
###.........≈§≈§
#....#.....≈≈≈§§
............≈t>§
#...○....°☼§≈§
#....○○○°≈≈≈≈≈
#...@○○○.§.§≈
#...○○○○.....
#.......?....#..
..###.....?....#
. #..........##
#.........y..
...........$#
#..........#[.


You could see a fire crab and a killer bee.

Vanquished Creatures
  Joseph (D:9)
  A gargoyle (D:8)
  A hornet (D:8)
  Sigmund (D:2)
  A wyvern (D:7)
  2 black bears
  An ice beast (D:6)
  2 orc warriors (D:6)
  2 sky beasts (D:7)
  2 ogres
  2 centaurs
  3 phantoms (D:5)
  2 kobold brigands
  4 bullfrogs
  A necrophage (D:7)
  2 scorpions
  6 killer bees
  2 howler monkeys
  3 crimson imps (D:6)
  2 jellies
  A gnoll bouda (D:7)
  An orc priest (D:8)
  4 hounds
  Ijyb (D:5)
  Terence (D:2)
  3 iguanas
  6 orc wizards
  9 gnolls
  6 adders
  2 shadow imps
  3 white imps
  2 ufetubi (D:5)
  A worm (D:2)
  2 dart slugs (D:4)
  23 orcs
  5 bats
  5 endoplasms
  A giant cockroach (D:2)
  19 goblins
  6 hobgoblins
  4 jackals
  14 kobolds
  4 quokkas
  9 ball pythons
  7 frilled lizards
  2 rats (D:1)
182 creatures vanquished.

Vanquished Creatures (others)
  A centaur (D:9)
1 creature vanquished.

Grand Total: 183 creatures vanquished

Notes
Turn   | Place    | Note
-------+----------+-------------------------------------------
     0 | D:1      | cowcol the Draconian Berserker began the quest for the Orb.
     0 | D:1      | Reached XP level 1. HP: 19/19 MP: 1/1
   289 | D:1      | Reached XP level 2. HP: 26/26 MP: 2/2
  1175 | D:2      | Reached XP level 3. HP: 33/33 MP: 3/3
  1191 | D:2      | Found a faded altar of an unknown god.
  1823 | D:2      | Reached XP level 4. HP: 34/40 MP: 4/4
  1877 | D:2      | Noticed Terence
  1892 | D:2      | Killed Terence
  1893 | D:2      | Reached skill level 4 in Axes
  1940 | D:2      | Found Bezad's Armour Shoppe.
  1954 | D:2      | Noticed Sigmund
  1981 | D:2      | Killed Sigmund
  1982 | D:2      | Reached skill level 5 in Axes
  1982 | D:2      | Reached XP level 5. HP: 26/46 MP: 5/5
  2071 | D:2      | Reached XP level 6. HP: 43/52 MP: 6/6
  2475 | D:3      | Reached ** piety under Trog
  3056 | D:3      | Reached skill level 1 in Stealth
  3313 | D:4      | Identified the +5 ring mail "Ocironae" {*Corrode Drain
                  | Dex+9 SInv}
  3616 | D:4      | Your scales start taking on a glossy black colour.
  3616 | D:4      | Reached XP level 7. HP: 60/60 MP: 7/7
  3616 | D:4      | Gained mutation: You are resistant to electric shocks.
                  | (rElec) [Black Draconian growth]
  3706 | D:4      | Found a staircase to the Ecumenical Temple.
  3723 | D:4      | Reached skill level 6 in Axes
  3748 | Temple   | Entered the Ecumenical Temple
  4506 | D:5      | Entered Level 5 of the Dungeon
  4540 | D:5      | Reached skill level 1 in Throwing
  4746 | D:5      | Noticed Ijyb
  4765 | D:5      | Killed Ijyb
  4884 | D:5      | Reached skill level 5 in Fighting
  5081 | D:5      | Reached *** piety under Trog
  5083 | D:5      | Found Liunuf's Jewellery Emporium.
  5165 | D:5      | Reached skill level 5 in Dodging
  5174 | D:5      | Reached skill level 7 in Axes
  5174 | D:5      | Reached XP level 8. HP: 68/68 MP: 8/8
  5946 | D:6      | Found a shadowy altar of Dithmenos.
  6670 | D:6      | Reached skill level 8 in Axes
  6824 | D:6      | Found a glowing golden altar of the Shining One.
  6876 | D:6      | Found a shimmering altar of Xom.
  7269 | D:7      | Reached XP level 9. HP: 69/75 MP: 9/9
  7297 | D:7      | Found a snail-covered altar of Cheibriados.
  7757 | D:7      | Reached skill level 9 in Axes
  8445 | D:8      | Noticed a gargoyle
  8456 | D:8      | Killed a gargoyle
  8996 | D:8      | Found a stormy altar of Qazlal.
  9694 | D:9      | Noticed a fire crab
  9694 | D:9      | Noticed Joseph
  9694 | D:9      | Found a staircase to the Lair.
  9711 | D:8      | Reached skill level 10 in Axes
 10208 | D:9      | Killed Joseph
 10209 | D:9      | Reached skill level 5 in Throwing
 10209 | D:9      | Reached XP level 10. HP: 10/84 MP: 10/10
 10209 | D:9      | Engulfed by a fire crab's flame

Illustrated notes

Levels and vault maps discovered:
D:1:      dpeg_arrival_line_fractal, layout_basic, grunt_decor_junction
D:2:      cheibrodos_helix_gallery, layout_rooms,
          shapermc_ecumenical_altar_mp_highgroup, serial_shops,
          nicolae_shop_trees, uniq_sigmund, uniq_terence
D:3:      layout_basic, hangedman_decor_clover_reticule
D:4:      layout_basic, minmay_temple_entry_junction_2,
          kennysheep_generic_room_5
D:5:      layout_basic, kennysheep_windowed_goal, uniq_ijyb
D:6:      layout_loops_ring, grunt_dithmenos_smoke_and_mirrors,
          lemuel_coloured_pillars_altar, led_xom_imps, nicolae_underground_beach
D:7:      layout_loops_corners, old_standard_altar, kennysheep_generic_room_11
D:8:      layout_loops_ring, mainiacjoe_overflow_24_doors
D:9:      layout_rooms, minmay_lair_entry_lava, gammafunk_ghost_hive,
          minmay_misc_feat_room, uniq_joseph
Temple:   hellmonk_temple_of_storms

Skill      XL: |  1  2  3  4  5  6  7  8  9 |
---------------+----------------------------+-----
Dodging        | 3 4 5 6 |  6.5
Fighting       | 4 5 6 |  6.9
Axes           | 5 7 8 10 | 10.2
Stealth        | 1 2 3 |  3.3
Throwing       | 2 3 5 |  5.0

Action                   |  1- 3 |  4- 6 |  7- 9 | 10-12 || total
-------------------------+-------+-------+-------+-------++-------
Melee: Hand axe          |    49 |       |       |       ||    49
       Tailslap          |     2 |    12 |    49 |       ||    63
       War axe           |    20 |   135 |   412 |       ||   567
       Punch             |       |       |     4 |       ||     4
Throw: Stone             |     9 |     6 |       |       ||    15
       Javelin           |       |       |    12 |       ||    12
Invok: Berserk           |     3 |     4 |    12 |       ||    19
 Abil: Breathe Lightning |       |       |     6 |       ||     6
  Use: Scroll            |     1 |     6 |     2 |       ||     9
       Potion            |       |     1 |     2 |       ||     3
 Stab: Sleeping          |     1 |     1 |     2 |       ||     4
Armor: Skin              |    18 |    62 |   147 |       ||   227
Dodge: Dodged            |    48 |    90 |   313 |       ||   451

Table legend: (Time is in decaauts)
 A = Elapsed time spent in this place.
 B = Non-inter-level travel time spent in this place.
 C = Inter-level travel time spent in this place.
 D = Time resting spent in this place.
 E = Time spent auto-exploring this place.
 F = Levels seen in this place.
 G = Mean time per level.
                   A        B        C        D        E       F      G
               +--------+--------+--------+--------+--------+-----+--------+
         Total |  10476 |  10394 |     82 |   2668 |   5272 |  10 | 1047.6 |
       Dungeon |  10414 |  10332 |     82 |   2668 |   5234 |   9 | 1157.1 |
        Temple |     61 |     61 |      0 |      0 |     38 |   1 |   61.0 |
               +--------+--------+--------+--------+--------+-----+--------+

Top non-repeatable levels by time:
     D:8: 1774 daAuts
     D:6: 1450 daAuts
     D:5: 1378 daAuts
     D:2: 1345 daAuts
     D:4: 1272 daAuts
     D:7: 1210 daAuts
     D:1: 1182 daAuts
     D:3: 772 daAuts
  Temple: 61 daAuts
     D:9: 28 daAuts
